Map: Clair de lune fanatique EC (Void)

Players

Nyast - Winner!

  • Race: Protoss Protoss
  • League: Platinum

ODB

  • Race: Zerg Zerg
  • League: Diamond

VOD

Have the link to the VOD?

Description

Time

  • Played on: Sept. 10, 2015, 1:12 p.m.
  • Length: 10:35
Show
View Real Time Build Order
Export as new Build Order

Nyast Protoss - Winner!

Build Orders: 1 Gate Expand 

Get SALT Encoding   

  12  0:00  Probe (Chrono Boost)  
  13  0:14  Pylon  
  13  0:17  Probe (Chrono Boost)  
  14  0:27  Probe (Chrono Boost)  
  15  0:37  Gateway  
  15  0:38  Probe (Chrono Boost)  
  16  0:45  Assimilator  
  16  0:48  Probe (Chrono Boost)  
  17  0:58  Probe (Chrono Boost)  
  18  1:20  Nexus  
  18  1:31  Cybernetics Core  
  18  1:33  Probe (Chrono Boost)  
  19  1:43  Probe (Chrono Boost)  
  20  1:50  Pylon  
  20  1:53  Probe (Chrono Boost)  
  21  1:58  Zealot (Chrono Boost)  
  23  2:05  Pylon  
  23  2:10  Mothership Core (Chrono Boost)  
  25  2:33  Probe (Chrono Boost)  
  26  2:37  Adept  
  26  2:43  Probe (Chrono Boost)  
  29  2:47  Assimilator  
  29  2:55  Pylon  
  29  3:00  Probe (Chrono Boost)  
  30  3:07  Adept  
  30  3:10  Probe (Chrono Boost)  
  30  3:11  Probe (Chrono Boost)  
  34  3:20  Probe (Chrono Boost)  
  34  3:22  Gateway  
  35  3:31  Gateway  
  35  3:37  Warp Gate (Chrono Boost)  
  35  3:39  Probe x2 (Chrono Boost)  
  36  3:41  Adept  
  38  3:49  Probe (Chrono Boost)  
  38  3:53  Pylon  
  39  3:58  Probe (Chrono Boost)  
  39  4:01  Probe (Chrono Boost)  
  41  4:07  Robotics Facility  
  41  4:08  Probe (Chrono Boost)  
  42  4:18  Probe (Chrono Boost)  
  42  4:24  Probe  
  43  4:26  Pylon  
  43  4:30  Forge  
  44  4:34  Probe  
  44  4:35  Probe  
  46  4:44  Probe  
  46  4:46  Gateway  
  46  4:48  Gateway  
  46  4:52  Probe  
  48  4:53  Warp Prism (Chrono Boost)  
  50  5:02  Assimilator  
  50  5:03  Protoss Ground Weapons Level 1  
  50  5:04  Probe x2  
  50  5:05  Assimilator  
  52  5:21  Pylon  
  48  5:22  Pylon  
  48  5:25  Pylon  
  46  5:40  Pylon  
  46  5:41  Adept  
  48  5:43  Probe x2  
  48  5:44  Warp Prism (Chrono Boost)  
  52  5:53  Adept x3  
  52  5:54  Adept  
  60  6:03  Probe  
  61  6:14  Adept x3  
  61  6:15  Adept x2  
  67  6:22  Probe x2  
  67  6:31  Nexus  
  67  6:32  Robotics Bay  
  67  6:33  Pylon  
  67  6:35  Zealot  
  67  6:38  Adept  
  71  6:42  Adept  
  71  6:44  Probe  
  72  6:50  Adept  
  72  6:51  Adept  
  74  6:55  Probe  
  74  7:01  Warp Prism (Chrono Boost)  
  73  7:04  Probe  
  73  7:07  Probe  
  75  7:16  Probe  
  75  7:19  Probe  
  73  7:29  Adept  
  67  7:30  Adept x4  
  67  7:31  Probe x2  
  67  7:36  Disruptor (Chrono Boost)  
  73  7:42  Robotics Facility  
  73  7:43  Probe  
  77  7:54  Adept x3  
  77  7:55  Adept x2  
  85  8:01  Probe  
  81  8:16  Zealot x5  
  83  8:20  Probe  
  83  8:21  Probe  
  83  8:26  Disruptor (Chrono Boost)  
  88  8:34  Photon Cannon  
  88  8:36  Photon Cannon  
  88  8:38  Pylon  
  86  8:44  Adept x4  
  82  9:01  Probe x2  
  76  9:04  Disruptor (Chrono Boost)  
  76  9:07  Probe  
  83  9:11  Disruptor (Chrono Boost)  
  83  9:13  Probe x2  
  83  9:15  Gateway  
  85  9:18  Probe, Gateway  
  85  9:19  Assimilator  
  85  9:21  Gateway, Twilight Council  
  86  9:24  Forge, Assimilator  
  86  9:25  Probe  
  87  9:32  Photon Cannon  
  87  9:34  Disruptor (Chrono Boost)  
  90  9:49  Adept x5  
  100  9:56  Disruptor (Chrono Boost)  
  101  10:24  Adept x4  
  101  10:25  Adept  
Show
View Real Time Build Order
Export as new Build Order

ODB Zerg 

Build Orders: Pool First 

Get SALT Encoding   

  12  0:01  Drone  
  13  0:14  Overlord  
  13  0:18  Drone  
  14  0:35  Spawning Pool  
  13  0:38  Drone  
  13  0:41  Drone  
  15  0:45  Drone  
  16  1:09  Hatchery  
  15  1:13  Drone  
  16  1:22  Zergling x4  
  16  1:24  Zergling x2  
  19  1:32  Queen  
  21  1:38  Overlord  
  21  1:45  Drone  
  22  1:47  Extractor  
  21  1:57  Drone  
  22  2:08  Drone  
  23  2:11  Queen  
  25  2:18  Drone  
  24  2:37  Drone x3  
  24  2:39  Drone, Queen  
  24  2:41  Overlord  
  30  2:44  Drone x2  
  30  2:51  Metabolic Boost  
  31  2:55  Drone  
  32  3:02  Drone  
  32  3:03  Drone  
  34  3:06  Zergling x2  
  34  3:09  Drone  
  34  3:12  Zergling x4  
  38  3:13  Zergling x2  
  39  3:21  Drone x4  
  43  3:30  Overlord  
  43  3:42  Zergling x2  
  44  3:51  Zergling x10  
  49  4:02  Hatchery  
  48  4:08  Zergling x8  
  51  4:19  Drone, Overlord x2  
  52  4:24  Lair, Overlord  
  52  4:34  Overlord  
  52  4:38  Evolution Chamber, Drone x6  
  58  4:40  Evolution Chamber, Extractor x2  
  54  4:46  Drone x2  
  54  4:47  Drone  
  57  4:59  Overlord, Drone  
  57  5:00  Drone x3  
  52  5:31  Drone x3  
  52  5:32  Drone  
  52  5:34  Drone x2  
  57  5:37  Hydralisk Den  
  57  5:41  Zergling x2  
  57  5:42  Zergling x14  
  64  5:43  Zerg Missile Weapons Level 1  
  64  5:44  Zerg Ground Armor Level 1  
  64  5:45  Extractor  
  63  6:10  Zergling x2  
  63  6:11  Zergling x10  
  68  6:12  Hydralisk  
  68  6:13  Hydralisk x2  
  68  6:23  Muscular Augments  
  68  6:24  Hydralisk  
  68  6:25  Hydralisk x4  
  71  6:49  Hydralisk x4  
  73  6:59  Hatchery, Zergling x18  
  77  7:06  Zergling x2  
  65  7:25  Drone x2  
  65  7:26  Drone x6  
  68  7:39  Hydralisk  
  68  7:40  Hydralisk x3  
  74  7:46  Hydralisk  
  74  7:47  Hydralisk x2  
  80  7:57  Hydralisk  
  80  7:58  Hydralisk x4  
  86  8:19  Hydralisk  
  82  8:20  Hydralisk x2  
  82  8:25  Hydralisk  
  82  8:26  Hydralisk x2  
  92  8:27  Zergling x2  
  93  8:42  Overlord  
  93  8:43  Overlord x3  
  93  8:52  Overlord x3  
  91  8:57  Drone  
  89  9:03  Hatchery  
  89  9:06  Hydralisk x3  
  89  9:07  Hydralisk x3  
  100  9:26  Spore Crawler  
  100  9:29  Hydralisk  
  100  9:30  Hydralisk x3  
  107  9:46  Drone  
  107  9:47  Drone x3  
  107  9:51  Roach Warren  
  106  10:08  Hydralisk x7  
Tags
 
Add a new tag
Caveats
  • Supply blocks, unpowered buildings, or Contaminate may cause inaccurate times.
  • Supply counts are checked every 10 seconds.